 Dungeon Crawl Stone Soup version 0.30-a0-583-g19bae12e61 (webtiles) character file.

Game seed: 10809515955033951023

149 Citaku the Sneak (level 5, 0/42 HPs)
             Began as a Human Wanderer on Jan 1, 2023.
             Was an Initiate of Hepliaklqana.
             Slain by a gnoll
             ... wielding a +0 spear
             ... led by a gnoll bouda
              (4 damage)
             ... on level 4 of the Dungeon.
             The game lasted 00:19:21 (2525 turns).

Citaku the Sneak (Human Wanderer)                   Turns: 2525, Time: 00:19:21

Health: 0/42       AC:  6    Str: 20    XL:     5   Next: 57%
Magic:  6/6        EV: 10    Int: 10    God:    Hepliaklqana [......]
Gold:   232        SH:  0    Dex: 17    Spells: 5/6 levels left

rFire   . . .      SeeInvis .    u - +2 trident (pain)
rCold   . . .      Faith    .    (no shield)
rNeg    . . .      Spirit   .    s - +0 scale mail
rPois   .          Reflect  .    (no helmet)
rElec   .          Harm     .    (no cloak)
rCorr   .          Rampage  .    (no gloves)
Will    +....                    (no boots)
Stlth   ++                       (no amulet)
HPRegen 0.27/turn                t - ring of willpower
MPRegen 0.10/turn                p - +6 ring of strength

@: no status effects
A: agile 1
a: Renounce Religion


You were on level 4 of the Dungeon.
You worshipped Hepliaklqana.
Hepliaklqana was noncommittal.
You visited 1 branch of the dungeon, and saw 4 of its levels.

You collected 232 gold pieces.

Inventory:

Hand Weapons
 a - a +3 spectral dagger
 f - a +0 club
 j - a +0 dagger
 l - a +0 spear
 m - a +0 whip
 o - a +3 hand axe
 r - a +0 whip
 u - a +2 trident of pain (weapon)
Missiles
 g - a throwing net (quivered)
Armour
 e - a +0 leather armour
 i - a +0 leather armour
 q - a +0 leather armour
 s - a +0 scale mail (worn)
Jewellery
 h - a ring of fire
 p - a +6 ring of strength (right hand)
 t - a ring of willpower (left hand)
Wands
 v - a wand of flame (16)
Scrolls
 k - 3 scrolls of identify
 n - 2 scrolls of brand weapon


   Skills:
 * Level 3.8 Fighting
 + Level 1.1 Short Blades
 + Level 0.3 Polearms
 + Level 2.1 Armour
 + Level 0.7 Dodging
 * Level 5.6 Stealth
 + Level 1.1 Spellcasting


You had 5 spell levels left.
You knew the following spells:

 Your Spells              Type           Power      Damage    Failure   Level
a - Shock                 Conj/Air       0%         1d3       69%         1

Your spell library contained the following spells:

 Spells                   Type           Power      Damage    Failure   Level
 Airstrike                Air            0%         2d(0-16)  100%        4
 Summon Lightning Spire   Summ/Air       0%         N/A       100%        4
 Lightning Bolt           Conj/Air       0%         1d11      100%        5


Dungeon Overview and Level Annotations

Branches:
Dungeon (4/15)
 Temple: D:4-7

Altars:
Hepliaklqana
Sif Muna
Trog
Yredelemnul

Shops:
D:2 (?[


Innate Abilities, Weirdness & Mutations

You are agile. (Dex +4, Str/Int -1)


Message History

The gnoll hits you with a +0 club. The gnoll closely misses you.
The gnoll bouda hits you but does no damage.
You barely miss the gnoll bouda.
The gnoll bouda is moderately wounded.
Your attacks no longer feel as feeble.
The gnoll hits you with a +0 club.
The gnoll hits you from afar with a +0 spear.
The gnoll bouda hits you with a +0 whip.
The gnoll hits you from afar with a +0 spear.
The gnoll hits you with a +0 club.
* * * LOW HITPOINT WARNING * * *
The gnoll bouda barely misses you.
You hit the gnoll bouda.
The gnoll bouda is heavily wounded.
The gnoll is no longer moving quickly. x2
The gnoll hits you but does no damage. The gnoll closely misses you.
The gnoll bouda hits you with a +0 whip!
* * * LOW HITPOINT WARNING * * *
You feel much better. The gnoll hits you but does no damage.
The gnoll barely misses you.
The gnoll bouda hits you with a +0 whip!
As you read the scroll of fear, it crumbles to dust.
You assume a fearsome visage.
The gnoll bouda looks frightened!
The gnoll looks frightened! x4; The gnoll is no longer moving quickly. x2
Cornered, the gnoll turns to fight!
The gnoll hits you with a +0 spear.
The gnoll hits you from afar with a +0 spear.
* * * LOW HITPOINT WARNING * * *
The gnoll closely misses you.
You hit the gnoll but do no damage. The gnoll hits you with a +0 spear!
* * * LOW HITPOINT WARNING * * *
You hit the gnoll.
The gnoll is moderately wounded.
The gnoll hits you with a +0 spear.
* * * LOW HITPOINT WARNING * * *
The gnoll barely misses you.
You hit the gnoll.
The gnoll is severely wounded.
The gnoll hits you with a +0 spear.
You die...

#...#..# #.#.# .#
#...##### ...####.#.# .#
#.......# .....g....#
.###...###.#### #.#
#...#.......... #.#
##.#.......# #.#
#....)....# #.#
####..)..#.############.#
........##......@g......#
#########################


You could see a gnoll.

Vanquished Creatures
  A hound zombie (D:3)
  3 adders
  A gnoll (D:3)
  An ufetubus (D:4)
  2 adder zombies (D:3)
  3 worms
  4 dart slugs
  5 orcs
  7 endoplasms
  5 giant cockroaches
  5 goblins
  4 hobgoblins
  3 jackals (D:1)
  2 quokkas
  5 ball pythons
  A bat (D:1)
  3 frilled lizards
  4 kobolds
  A quokka zombie (D:3)
  9 rats
69 creatures vanquished.

Notes
Turn   | Place    | Note
-------+----------+-------------------------------------------
     0 | D:1      | Citaku the Human Wanderer began the quest for the Orb.
     0 | D:1      | Citaku set off with the following items: a +3 dagger, a
                  | scroll of fear, a potion of curing, a potion of heal
                  | wounds, a +0 leather armour.
     0 | D:1      | Reached XP level 1. HP: 18/18 MP: 2/2
   133 | D:1      | Reached XP level 2. HP: 22/24 MP: 3/3
   197 | D:1      | Gained mutation: You possess an exceptional clarity of
                  | mind. [potion of mutation]
   197 | D:1      | Gained mutation: You are agile. (Dex +4, Str/Int -1)
                  | [potion of mutation]
   197 | D:1      | Lost mutation: You possess an exceptional clarity of mind.
                  | [potion of mutation]
   446 | D:1      | Reached XP level 3. HP: 24/29 MP: 4/4
   764 | D:2      | Reached skill level 5 in Stealth
   793 | D:2      | Found Niubuc's Magic Scroll Boutique.
   832 | D:2      | Reached XP level 4. HP: 35/35 MP: 5/5
  1079 | D:2      | Found Toel's Armour Shoppe.
  1186 | D:2      | Found Ramioklawk's Weapon Shop.
  1378 | D:3      | Found a shimmering blue altar of Sif Muna.
  1407 | D:3      | Became a worshipper of Sif Muna the Loreminder
  1411 | D:3      | Got Sif Muna's Folio of Conjuring
  1414 | D:3      | Learned a level 1 spell: Shock
  1421 | D:3      | Found a bloodstained altar of Trog.
  1563 | D:3      | Found a faded altar of an unknown god.
  1670 | D:3      | Reached XP level 5. HP: 40/42 MP: 6/6
  1934 | D:3      | Found a hazy altar of Hepliaklqana.
  1948 | D:3      | Fell from the grace of Sif Muna
  1948 | D:3      | Became a worshipper of Hepliaklqana the Forgotten
  2286 | D:3      | Found a basalt altar of Yredelemnul.
  2386 | D:4      | Reached skill level 1 in Short Blades
  2525 | D:4      | Slain by a gnoll

Illustrated notes

Levels and vault maps discovered:
D:1:      dpeg_arrival_erosion, layout_rooms
D:2:      wander_river, layout_rooms, serial_shops,
          nicolae_shop_bloodbath_and_beyond, nicolae_shop_statue_plus, shop
D:3:      layout_rooms, nzn_overflow_gifts_of_might_and_magic,
          nicolae_yredelemnul_corpse_copse, nicolae_overflow_crystal_walls,
          hellmonk_ecumenical_altar_lost_god
D:4:      layout_loops_ring, grunt_gozag_breadcrumbs, hangedman_decor_growths

Skill      XL: |  1  2  3  4  5 |
---------------+----------------+-----
Stealth        | 5 |  5.6
Short Blades   | 1 |  1.1
Fighting       | |  3.8
Polearms       | |  0.3
Armour         | |  2.1
Dodging        | |  0.7
Spellcasting   | |  1.1

Action                   |  1- 3 |  4- 6 || total
-------------------------+-------+-------++-------
Melee: Dagger            |    50 |    34 ||    84
       Trident           |       |    82 ||    82
       Punch             |       |     1 ||     1
Evoke: Wand              |       |     2 ||     2
  Use: Scroll            |     3 |     5 ||     8
       Potion            |     3 |     6 ||     9
 Stab: Sleeping          |     4 |     2 ||     6
       Invisible         |       |     2 ||     2
Armor: Leather armour    |    12 |     1 ||    13
       Scale mail        |       |    60 ||    60
Dodge: Dodged            |    22 |    75 ||    97

Table legend: (Time is in decaauts)
 A = Elapsed time spent in this place.
 B = Non-inter-level travel time spent in this place.
 C = Inter-level travel time spent in this place.
 D = Time resting spent in this place.
 E = Time spent auto-exploring this place.
 F = Levels seen in this place.
 G = Mean time per level.
                   A        B        C        D        E       F      G
               +--------+--------+--------+--------+--------+-----+--------+
         Total |   2561 |   2561 |      0 |    185 |      0 |   4 |  640.2 |
       Dungeon |   2561 |   2561 |      0 |    185 |      0 |   4 |  640.2 |
               +--------+--------+--------+--------+--------+-----+--------+

Top non-repeatable levels by time:
     D:3: 1068 daAuts
     D:1: 668 daAuts
     D:2: 651 daAuts
     D:4: 172 daAuts
